 Dungeon Crawl Stone Soup version 0.18-a0-1035-g72c9994 (webtiles) character file.

7679 THICKCHOCOELFTHIGHS the Frost Mage (level 10, -2/58 HPs)
             Began as a Deep Elf Summoner on Jan 10, 2016.
             Shot with a bolt by an orc knight (18 damage)
             ... on level 2 of the Orcish Mines.
             The game lasted 02:03:01 (13484 turns).

THICKCHOCOELFTHIGHS the Frost Mage (DESu)          Turns: 13484, Time: 02:03:01

Health: -2/58      AC:  8    Str:  7    XL:     10   Next: 99%
Magic:  15/24      EV: 15    Int: 24    God:
Gold:   1355       SH:  0    Dex: 15    Spells: 5 memorised, 9 levels left

rFire  . . .     SeeInvis .     W - +5 rod of destruction (13/13)
rCold  + . .     Gourm    .     K - +2 robe {MR+}
rNeg   . . .     Faith    .     (no shield)
rPois  .         Spirit   .     P - +1 hat of Pakellas's Pride {rElec Str+2}
rElec  +         Dismiss  +     T - +1 cloak {MR+}
rCorr  .         Reflect  .     y - +0 pair of gloves
SustAt .         Harm     .     (no boots)
MR     +++..                    f - amulet of dismissal
Stlth  ++........               x - ring of protection from fire
                                Y - ring of ice

@: drained, extremely resistant to hostile enchantments, unstealthy
A: no striking features
a: no special abilities


You were on level 2 of the Orcish Mines.
You were not hungry.

You visited 3 branches of the dungeon, and saw 13 of its levels.
You also visited: Labyrinth and Bailey.

You collected 1376 gold pieces.
You spent 21 gold pieces at shops.

Inventory:

Hand Weapons
 g - a +4 blowgun
 o - a +2 flail of protection
 p - the +9 mace "Wiojir" {vamp, MP+9, unknown}
   (You took it off an orc in a bailey)

   It inflicts no extra harm, but heals its wielder somewhat when it strikes a
   living foe.
   It affects your magic capacity (+9).
Missiles
 R - 33 tomahawks of returning (quivered)
Armour
 y - a +0 pair of gloves (worn)
 K - a +2 robe of magic resistance (worn)
 P - the +1 hat of Pakellas's Pride (worn) {rElec Str+2}
   (You acquired it on level 9 of the Dungeon)

   It affects your strength (+2).
   It insulates you from electricity.
 T - a +1 cloak of magic resistance (worn)
Magical Staves
 L - an uncursed staff of conjuration
 O - an uncursed staff of fire
Rods
 W - a +5 rod of destruction (13/13) (weapon)
   (You found it in a labyrinth)
Jewellery
 f - an amulet of dismissal (around neck)
 x - a ring of protection from fire (right hand)
 J - an uncursed ring of fire
 Q - an uncursed ring of flight
 Y - a ring of ice (left hand)
Wands
 a - a wand of slowing (25/48)
 e - a wand of enslavement (1/24)
 h - a wand of confusion (39/48)
 j - a wand of cold (4/15)
 B - a wand of lightning (9/15)
 S - a wand of confusion (6/48)
 V - a wand of confusion (17/48)
Scrolls
 d - 4 scrolls of teleportation
 m - 3 scrolls of fear
 n - 2 scrolls of immolation
 z - a scroll of enchant weapon
 C - 5 scrolls of remove curse
 G - 5 scrolls of enchant armour
Potions
 i - 4 potions of agility
 k - 3 potions of magic
 l - a potion of mutation {unknown}
 q - a potion of brilliance {unknown}
 s - a potion of lignification {unknown}
 u - a potion of flight {unknown}
 v - 6 potions of curing
 w - 2 potions of cancellation
 H - 2 potions of invisibility {unknown}
 I - 2 potions of heal wounds {unknown}
 M - a potion of cure mutation {unknown}
 X - 3 potions of might {unknown}
Books
 b - a book of Callings

   Spells                             Type                      Level
   a - Summon Small Mammal            Summoning                    1
   b - Call Imp                       Summoning                    2
   c - Call Canine Familiar           Summoning                    3
   d - Summon Guardian Golem          Hexes/Summoning              3
   e - Summon Lightning Spire         Summoning/Air                4
   f - Summon Ice Beast               Ice/Summoning                4
 r - a book of Debilitation

   Spells                             Type                      Level
   a - Corona                         Hexes                        1
   b - Slow                           Hexes                        2
   c - Gell's Gravitas                Hexes/Translocation          3
   d - Inner Flame                    Hexes/Fire                   3
   e - Cause Fear                     Hexes                        4
   f - Leda's Liquefaction            Hexes/Earth                  4
 t - a book of the Sky

   Spells                             Type                      Level
   a - Summon Lightning Spire         Summoning/Air                4
   b - Airstrike                      Air                          4
   c - Silence                        Hexes/Air                    5
   d - Deflect Missiles               Charms/Air                   6
   e - Conjure Ball Lightning         Conjuration/Air              6
   f - Tornado                        Air                          9
 A - the Reference Book on the Rocks and Snow
   (You found it in a labyrinth)

   Spells                             Type                      Level
   a - Sandblast                      Earth                        1
   b - Freeze                         Ice                          1
   c - Passwall                       Transmutation/Earth          3
   d - Bolt of Cold                   Conjuration/Ice              6
   e - Shatter                        Earth                        9
 F - a book of Debilitation

   Spells                             Type                      Level
   a - Corona                         Hexes                        1
   b - Slow                           Hexes                        2
   c - Gell's Gravitas                Hexes/Translocation          3
   d - Inner Flame                    Hexes/Fire                   3
   e - Cause Fear                     Hexes                        4
   f - Leda's Liquefaction            Hexes/Earth                  4
Comestibles
 c - 7 bread rations
 D - 4 beef jerkies
 E - 6 chunks of flesh
 N - a meat ration
 U - 3 fruits
 Z - 8 slices of pizza


   Skills:
 + Level 4.3(4.1) Fighting
 + Level 6.5(6.2) Dodging
 - Level 2.4(2.2) Stealth
 - Level 8.0(7.7) Spellcasting
 * Level 5.1(4.9) Hexes
 - Level 9.0(8.7) Summonings
 - Level 9.1(8.8) Ice Magic
 - Level 8.0(7.7) Air Magic


You had 9 spell levels left.
You knew the following spells:

 Your Spells              Type           Power        Failure   Level  Hunger
a - Summon Ice Beast      Ice/Summ       ######..     1%          4    ###....
b - Call Imp              Summ           ######..     1%          2    None
c - Call Canine Familiar  Summ           ######..     1%          3    None
d - Summon Guardian Gole  Hex/Summ       #####...     1%          3    None
e - Summon Lightning Spi  Summ/Air       #####...     2%          4    ###....


Dungeon Overview and Level Annotations

Branches:
Dungeon (10/15)            Temple (1/1) D:7            Lair (0/8) D:10
    Orc (2/2) D:9             Elf (0/3) Orc:2

Altars:
Ashenzari
Cheibriados
Dithmenos
Elyvilon
Fedhas
Gozag
Kikubaaqudgha
Makhleb
Nemelex Xobeh
Okawaru
Pakellas
Qazlal
Ru
Sif Muna
Trog
Vehumet
Xom
Yredelemnul
Zin
The Shining One

Shops:
Orc:2 [

Annotations:
D:7 exclusion: oklob plant
Orc:2 Azrael, Saint Roka


Message History

Saint Roka calls down the wrath of Beogh upon you.
Something smites you!
* * * LOW HITPOINT WARNING * * *
Your wolf bites Azrael!
The fire elemental hits your wolf. The fire elemental burns your wolf!
Azrael hits your ice beast with a scimitar of flaming!
Azrael melts your ice beast.
Your ice beast hits Azrael but does no damage.
A hell hound comes into view.
Something hits your wolf. Something burns your wolf!
Something closely misses your wolf. x2
Azrael hits your ice beast with a scimitar of flaming!!
Azrael melts your ice beast.
Your ice beast dies!
Something hits your wolf. Something burns your wolf!
Your wolf dies!
Your wolf's corpse disappears in a puff of smoke!
The hell hound closely misses you.
The orc knight shoots a bolt.
The bolt hits you!!
You die...

##...[[..............#.###§§h§§§.
.....[.(..........#....R§§.§o...E
.....)..####............).)#.o...
.....<..###.#..........)...o#..8.
........##............ho.#.######
#.....)###..............####*,***
.......)###...........### **,,**,
.........##<...........# **,,**,,
#.............<.@hh...## *,,,*,,,
##...............)...## *,,,*∩,*
###...............### **,,****
#.#...........)...# *,,,,,,,
*#...............## *,,,,,,,
####.......[)...## **,,,*,,,
##.###.....[.[...## **,,,,,,,,
#............[....# *,,,,,*,*,
##......∩........## ###,,,,****


You could see Azrael, an orc knight (frenzied), a warg and 2 hell hounds.

Vanquished Creatures
  An adder skeleton (D:6)
  A giant gecko (D:7)
  An orc (Orc:1)
  2 goblins
  A kobold (Bailey)
  A giant newt (D:4)
  A rat (D:2)
8 creatures vanquished.

Vanquished Creatures (collateral kills)
  A minotaur (Lab)
  The ghost of yogakurto the Nimble, a journeyman MfWn of Elyvilon (D:10)
  An orc high priest (Orc:2)
  An unseen horror (D:9)
  A hill giant (D:9)
  2 orc sorcerers (Orc:2)
  An orc knight (Orc:2)
  2 gargoyles
  A minotaur zombie (Lab)
  2 trolls
  2 two-headed ogres
  A blink frog (D:10)
  Sigmund (D:4)
  6 yaks (D:10)
  A human (D:10)
  Eustachio (D:4)
  A hippogriff (D:8)
  A hungry ghost (D:8)
  5 ice beasts
  19 orc warriors
  A sky beast (D:8)
  A black bear (D:9)
  A necrophage (D:5)
  6 ogres
  6 centaurs
  A big kobold (D:6)
  3 giant frogs
  A wyvern zombie (D:8)
  3 scorpions
  11 killer bees
  11 wights
  3 crimson imps
  4 hounds
  A jelly (D:9)
  2 giant frog zombies
  Crazy Yiuf (D:6)
  A centaur skeleton (D:8)
  8 orc wizards
  6 orc priests
  4 iguanas
  9 worker ants
  5 sheep (D:10)
  2 hound skeletons
  2 worker ant zombies
  8 gnolls
  16 adders
  4 shadow imps
  An ooze (D:1)
  An adder zombie (D:6)
  A worm (D:2)
  3 giant geckos
  43 orcs
  4 ball pythons
  5 giant cockroaches
  10 goblins
  11 hobgoblins
  21 jackals
  14 kobolds
  4 quokkas
  3 bats
  2 giant gecko skeletons
  A giant gecko zombie (D:6)
  7 giant newts
  A jackal skeleton (D:5)
  A quokka skeleton (D:5)
  6 rats
311 creatures vanquished.

Vanquished Creatures (others)
  Snorg (D:10)
  A death yak (D:10)
  An orc warrior (D:9)
  A giant frog skeleton (D:10)
4 creatures vanquished.

Grand Total: 323 creatures vanquished

Notes
Turn   | Place    | Note
--------------------------------------------------------------
     0 | D:1      | THICKCHOCOELFTHIGHS the Deep Elf Summoner began the quest for the Orb.
     0 | D:1      | Reached XP level 1. HP: 10/10 MP: 6/6
   359 | D:1      | Reached XP level 2. HP: 15/15 MP: 2/8
   363 | D:1      | Learned a level 2 spell: Call Imp
   613 | D:1      | Found an iron altar of Okawaru.
   916 | D:2      | Reached skill level 5 in Summonings
  1211 | D:2      | Reached XP level 3. HP: 19/19 MP: 3/10
  1231 | D:2      | Learned a level 3 spell: Call Canine Familiar
  1644 | D:3      | Found a stormy altar of Qazlal.
  1989 | D:4      | Noticed Eustachio
  2206 | D:4      | Noticed a scorpion
  2224 | D:4      | Killed a scorpion
  2224 | D:4      | Reached XP level 4. HP: 24/24 MP: 2/12
  2230 | D:4      | Learned a level 4 spell: Summon Ice Beast
  2283 | D:4      | Killed Eustachio
  2283 | D:4      | Reached skill level 6 in Summonings
  2283 | D:4      | Reached skill level 1 in Ice Magic
  2283 | D:4      | Reached XP level 5. HP: 28/28 MP: 1/13
  2553 | D:4      | Noticed Sigmund
  2574 | D:4      | Killed Sigmund
  2574 | D:4      | Reached skill level 5 in Spellcasting
  2574 | D:4      | Reached XP level 6. HP: 14/32 MP: 9/15
  2666 | D:4      | Found a snail-covered altar of Cheibriados.
  2774 | D:4      | Found a basalt altar of Yredelemnul.
  2775 | D:4      | Found an oddly glowing altar of Pakellas.
  2875 | D:4      | Found an opulent altar of Gozag.
  3016 | D:5      | Entered Level 5 of the Dungeon
  3389 | D:5      | Learned a level 3 spell: Summon Guardian Golem
  3760 | D:5      | Reached skill level 1 in Hexes
  4011 | D:5      | Reached XP level 7. HP: 36/36 MP: 7/17
  4258 | D:6      | Found a deep blue altar of Sif Muna.
  4525 | D:6      | Found a glowing silver altar of Zin.
  4799 | D:6      | Noticed Crazy Yiuf
  4824 | D:6      | Killed Crazy Yiuf
  5189 | D:6      | Got a distressingly furry ring mail
  5206 | D:6      | Reached skill level 5 in Ice Magic
  5257 | D:6      | Identified the +4 ring mail of Anaesthesia {Dex+6} (You found it on level 6 of the Dungeon)
  5593 | D:7      | Found a staircase to the Ecumenical Temple.
  5646 | Temple   | Entered the Ecumenical Temple
  5790 | D:7      | Found a white marble altar of Elyvilon.
  5888 | D:7      | Found a blossoming altar of Fedhas.
  5902 | D:7      | Noticed an oklob plant
  6232 | D:7      | Reached skill level 7 in Summonings
  6253 | D:7      | Found a blossoming altar of Fedhas.
  6518 | D:7      | Reached XP level 8. HP: 29/41 MP: 17/20
  6934 | D:8      | Noticed a gargoyle
  6955 | D:8      | Killed a gargoyle
  7171 | D:8      | Learned a level 4 spell: Summon Lightning Spire
  7194 | D:8      | Found an iron altar of Okawaru.
  7259 | D:8      | Reached skill level 1 in Air Magic
  7797 | D:8      | Reached skill level 8 in Summonings
  7810 | D:8      | Reached XP level 9. HP: 45/45 MP: 12/23
  8022 | D:9      | Found a staircase to the Orcish Mines.
  8042 | D:9      | Found a flagged portal.
  8099 | Bailey   | Entered a bailey
  8415 | Bailey   | Got a shimmering mace {vamp}
  9122 | D:9      | Found a shadowy altar of Dithmenos.
  9192 | D:9      | Noticed a troll
  9208 | D:9      | Killed a troll
  9320 | D:9      | Identified a scroll of acquirement
  9321 | D:9      | Got a translucent hat
  9327 | D:9      | Identified the +1 hat of Pakellas's Pride {rElec Str+2} (You acquired it on level 9 of the Dungeon)
  9417 | D:9      | Killed an unseen horror
  9417 | D:9      | Reached skill level 1 in Fighting
  9417 | D:9      | Reached skill level 9 in Ice Magic
  9763 | D:9      | Found an opulent altar of Gozag.
  9809 | D:9      | Found a sparkling altar of Nemelex Xobeh.
  9865 | D:10     | Entered Level 10 of the Dungeon
  9929 | D:10     | Noticed a death yak
  9937 | D:10     | Noticed a gargoyle
  9943 | D:10     | Killed a death yak
  9947 | D:10     | Noticed yogakurto's ghost (journeyman MfWn)
  9948 | D:10     | Reached skill level 5 in Air Magic
 10064 | D:10     | Noticed a hill giant
 10104 | D:9      | Killed a hill giant
 10345 | D:10     | Reached XP level 10. HP: 40/54 MP: 13/24
 10349 | D:10     | Found a staircase to the Lair.
 10368 | D:10     | Killed a gargoyle
 10549 | D:10     | Noticed Snorg
 10566 | D:10     | Killed Snorg
 10591 | D:10     | Killed yogakurto's ghost
 10591 | D:10     | Reached skill level 5 in Dodging
 10770 | Orc:1    | Entered Level 1 of the Orcish Mines
 10781 | Orc:1    | Noticed an orc knight
 12183 | Orc:2    | Entered Level 2 of the Orcish Mines
 12186 | Orc:2    | Found a labyrinth entrance.
 12191 | Orc:2    | Noticed an orc high priest
 12198 | Orc:2    | Killed an orc high priest
 12306 | Lab      | Entered a labyrinth
 12575 | Lab      | Noticed a minotaur
 12582 | Lab      | Killed a minotaur
 12587 | Lab      | Identified the Reference Book on the Rocks and Snow
 12821 | Lab      | Got a heavily runed shadow dragon armour
 12832 | Lab      | Identified the +0 shadow dragon armour of the Little Devil {-Tele rN+++ Str+4 Int-2 Stlth++++} (You found it in a labyrinth)
 12848 | Lab      | Identified a +5 rod of destruction (13/13) (You found it in a labyrinth)
 12877 | Orc:2    | Found Ishreot's Antique Armour Emporium.
 12893 | Orc:2    | Bought an embroidered robe for 21 gold pieces
 12962 | Orc:2    | Noticed an orc knight
 13109 | Orc:2    | Killed an orc knight
 13318 | Orc:2    | Noticed an orc sorcerer
 13326 | Orc:2    | Killed an orc sorcerer
 13338 | Orc:2    | Noticed an orc sorcerer
 13341 | Orc:2    | Noticed a rust devil
 13349 | Orc:2    | Killed an orc sorcerer
 13376 | Orc:2    | Reached skill level 5 in Hexes
 13437 | Orc:2    | Noticed an orc knight
 13473 | Orc:2    | Noticed Azrael
 13477 | Orc:2    | Noticed an orc knight
 13478 | Orc:2    | Noticed Saint Roka
 13484 | Orc:2    | Shot with a bolt by an orc knight

Vault maps used:
D:1:      minmay_arrival_four_houses, kennysheep_flooded_box
D:3:      grunt_qazlal_clouds, first_bread
D:4:      lemuel_round_altar, cheibriados_altar_wand_db,
          gammafunk_temple_overflow_pools, kennysheep_generic_room_5,
          uniq_sigmund, uniq_eustachio
D:5:      kennysheep_spiral_hall
D:6:      zin_academy, old_standard_altar, uniq_crazy_yiuf_cottage
D:7:      old_standard_altar, marbit_many_paths, tgw_fedhas
D:8:      old_standard_altar
D:9:      nemelex_altar_shiori, grunt_dithmenos_shadows, enter_bailey_7,
          nicolae_gozag_seed_capital
D:10:     dpeg_lair_monsters, grunt_livestock, uniq_snorg
Temple:   temple_eino_lava_8
Orc:2:    grunt_orc_cross, serial_shops,
          nicolae_shop_temple_entry_statues_fountains, lab_entry_generic,
          uniq_azrael
Lab:      labyrinth_hidden_loot, nicolae_lab_arrow
Bailey:   bailey_axe_4, bailey

Action                   |  1- 3 |  4- 6 |  7- 9 | 10-12 || total
-------------------------+-------+-------+-------+-------++-------
Melee: Unarmed           |     2 |       |       |       ||     2
       Club              |    18 |     4 |     1 |       ||    23
       Staff             |     1 |       |       |       ||     1
       Flail             |       |       |    10 |     8 ||    18
Throw: Stone             |    14 |       |    20 |       ||    34
       Tomahawk          |       |       |     1 |     2 ||     3
 Cast: Summon Small Mamm |    17 |       |       |       ||    17
       Call Imp          |    23 |    16 |    27 |     3 ||    69
       Call Canine Famil |    11 |    21 |    56 |    23 ||   111
       Summon Ice Beast  |       |     1 |    32 |    30 ||    63
       Summon Guardian G |       |     1 |    42 |    10 ||    53
       Summon Lightning  |       |       |     3 |    17 ||    20
 Abil: Evoke Flight      |       |       |     2 |       ||     2
Evoke: Rod               |     1 |     2 |       |     2 ||     5
  Use: Scroll            |     5 |     2 |    16 |     4 ||    27
  Eat: Chunk             |     6 |     2 |    14 |     6 ||    28
       Meat ration       |       |     1 |     1 |     1 ||     3
       Fruit             |       |       |     3 |       ||     3
       Royal jelly       |       |       |       |     1 ||     1
